 Dungeon Crawl Stone Soup version 0.23.1-37-gaa34b87b72 (webtiles) character file.

Game seed: 14488760309785124258

5504 PikkenKukken the Cleaver (level 10, -2/89 HPs)
             Began as a Hill Orc Monk on Mar 22, 2019.
             Was a Priest of Makhleb.
             Splashed by an acid dragon's acid (14 damage)
             ... on level 9 of the Dungeon.
             The game lasted 00:24:30 (8787 turns).

PikkenKukken the Cleaver (Hill Orc Monk)            Turns: 8787, Time: 00:24:30

Health: -2/89      AC: 11    Str: 19    XL:     10   Next: 70%
Magic:  15/15      EV: 13    Int: 10    God:    Makhleb [***...]
Gold:   292        SH:  0    Dex: 15    Spells: 9/9 levels left

rFire    . . .     SeeInvis .   y - +0 war axe
rCold    . . .     Gourm    .   (no shield)
rNeg     . . .     Faith    .   a - +0 scale mail {rPois}
rPois    +         Spirit   .   (no helmet)
rElec    .         Reflect  .   (no cloak)
rCorr    .         Harm     .   p - +2 pair of gloves
MR       .....                  (no boots)
Stlth    +.........             w - amulet of magic regeneration
HPRegen  0.24/turn              g - +3 ring of strength
MPRegen  0.39/turn              e - ring of flight

@: no status effects
A: no striking features
a: Minor Destruction, Lesser Servant of Makhleb, Renounce Religion, Evoke Flight


You were on level 9 of the Dungeon.
You worshipped Makhleb.
Makhleb was most pleased with you.
You were not hungry.

You visited 1 branch of the dungeon, and saw 9 of its levels.

You collected 464 gold pieces.
You spent 172 gold pieces at shops.

Inventory:

Hand Weapons
 y - a +0 war axe (weapon)
Missiles
 m - 5 javelins (quivered)
Armour
 a - a +0 scale mail of poison resistance (worn)
 j - a +0 buckler
 n - a +1 chain mail
 p - a +2 pair of gloves (worn)
Jewellery
 e - a ring of flight (right hand)
 g - a +3 ring of strength (left hand)
 w - an amulet of magic regeneration (around neck)
Wands
 s - a wand of digging (8)
 v - a wand of random effects (46)
Scrolls
 d - 3 scrolls of remove curse
 f - a scroll of amnesia
 q - 3 scrolls of magic mapping
 r - 2 scrolls of identify
 t - 3 scrolls of fog
Potions
 b - 3 potions of magic
 h - 2 potions of heal wounds
 i - a potion of mutation {unknown}
 k - a potion of resistance
 l - 2 potions of agility
 o - 2 potions of brilliance
 x - 2 potions of flight
 z - a potion of ambrosia
Comestibles
 c - 13 rations
 u - 4 chunks of flesh


   Skills:
 + Level 8.3 Fighting
 * Level 11.9 Axes
 + Level 6.6 Armour
 + Level 5.6 Dodging
 - Level 1.5 Stealth
 - Level 4.0 Shields
 + Level 7.7 Invocations


You had 9 spell levels left.
You didn't know any spells.
Your spell library contained the following spells:

 Spells                   Type           Power        Failure   Level  Hunger
 Confusing Touch          Hex            #.....       71%         1    ##.....
 Flame Tongue             Conj/Fire      #....        71%         1    ##.....
 Throw Flame              Conj/Fire      #.....       83%         2    ###....
 Confuse                  Hex            #.......     97%         3    ####...
 Conjure Flame            Conj/Fire      #.......     97%         3    ####...
 Gell's Gravitas          Tloc           #.........   97%         3    ####...
 Inner Flame              Hex/Fire       #.......     97%         3    ####...
 Petrify                  Tmut/Erth      #.......     100%        4    #####..
 Sticky Flame             Conj/Fire      #.......     100%        4    #####..
 Fireball                 Conj/Fire      #.........   100%        5    ######.
 Metabolic Englaciation   Hex/Ice        #.........   100%        5    ######.
 Yara's Violent Unravell  Hex/Tmut       #.........   100%        5    ######.


Dungeon Overview and Level Annotations

Branches:
Dungeon (9/15)             Temple (0/1) D:4             Orc (0/2) D:9
   Lair: D:8-11

Altars:
Ashenzari
Dithmenos
Fedhas
Gozag
Makhleb
Nemelex Xobeh
Qazlal
Yredelemnul

Shops:
D:6 *   D:9 [

Annotations:
D:3 3 runed translucent doors, chimenez's ghost, amateur DsFi
D:7 3 runed translucent doors, BorisKarlOrff's ghost, novice MfMo


Message History

The orc wizard closely misses you.
Your smoke demon hits the orc wizard but does no damage.
Your smoke demon hits the orc wizard.
Your smoke demon hits the orc wizard but does no damage.
Press: ? - help, Shift-Dir - straight line, f/p - orc wizard
Aim: an orc wizard, wielding a -3 dagger and wearing a +0 robe (severely wounded)
The puff of flame hits the orc wizard!
You kill the orc wizard!
Makhleb accepts your kill.
Press: ? - help, Shift-Dir - straight line, f - orc
Aim: an orc, wielding a +0 whip and wearing a +0 leather armour (almost dead)
The puff of flame hits the orc.
You kill the orc!
Makhleb accepts your kill.
You feel better. The acid dragon spits acid at you.
The splash of acid hits you!
* * * LOW HITPOINT WARNING * * *
You are splashed with acid!
You die...

####### ###### ### ### # #.###.#
####.. ######...#### ### #......
......###...#########.###.......
####.## ####..##..##.#..........
### ##...3###.........#..
##..@)D....###.#.# #####t#.###
.# # ##### #


You could see a crocodile, an acid dragon and a friendly smoke demon.

Vanquished Creatures
  A hornet (D:9)
  A hungry ghost (D:9)
  2 orc warriors (D:9)
  3 ice beasts
  Purgy (D:3)
  A sky beast (D:8)
  4 ogres
  A phantom (D:7)
  2 centaurs (D:8)
  2 crocodiles (D:9)
  A gnoll sergeant (D:7)
  2 bullfrogs (D:9)
  Blork the orc (D:5)
  Dowan (D:6)
  2 scorpions
  10 killer bees
  5 howler monkeys
  A centaur zombie (D:7)
  2 bullfrog zombies
  4 crimson imps
  4 hounds
  3 orc wizards
  A centaur skeleton (D:4)
  4 orc priests
  2 jellies
  4 bullfrog skeletons
  Jessica (D:3)
  An iguana (D:8)
  Natasha (thrice) (D:3)
  7 worker ants
  Ijyb (D:3)
  A killer bee zombie (D:4)
  2 hound skeletons (D:9)
  A gnoll (D:1)
  6 adders
  A shadow imp (D:8)
  3 oozes
  3 adder skeletons
  A worm (D:5)
  3 dart slugs
  A leopard gecko (D:5)
  17 orcs
  9 hobgoblins
  5 jackals (D:9)
  7 quokkas
  2 ball pythons
  8 bats
  3 frilled lizards
  3 goblins
  A jackal skeleton (D:9)
  7 kobolds
  A leopard gecko skeleton (D:6)
  2 quokka skeletons (D:4)
  9 rats
174 creatures vanquished.

Vanquished Creatures (collateral kills)
  A two-headed ogre (D:9)
  A hornet (D:9)
  Grinder (D:6)
  Grum (D:8)
  A hungry ghost (D:7)
  A soldier ant (D:9)
  Duvessa (D:6)
  3 ogres
  2 wolves (D:9)
  A big kobold (D:9)
  2 bullfrogs
  3 killer bees
  A hound (D:9)
  An orc wizard (D:9)
  A hound skeleton (D:9)
  3 gnolls (D:7)
  An ooze (D:6)
  2 orcs (D:6)
  A kobold (D:9)
28 creatures vanquished.

Vanquished Creatures (others)
  3 fungi (D:7)
  A plant (D:7)
4 creatures vanquished.

Grand Total: 206 creatures vanquished

Notes
Turn   | Place    | Note
-------+----------+-------------------------------------------
     0 | D:1      | PikkenKukken the Hill Orc Monk began the quest for the Orb.
     0 | D:1      | Reached XP level 1. HP: 19/19 MP: 1/1
   243 | D:1      | Reached XP level 2. HP: 24/27 MP: 2/2
   691 | D:1      | Reached skill level 1 in Armour
   691 | D:1      | Reached XP level 3. HP: 21/33 MP: 3/3
  1113 | D:2      | Found a basalt altar of Yredelemnul.
  1180 | D:2      | Found a blossoming altar of Fedhas.
  1269 | D:2      | Reached skill level 5 in Axes
  1460 | D:2      | Reached XP level 4. HP: 40/40 MP: 4/4
  1636 | D:2      | Found a faded altar of an unknown god.
  1747 | D:3      | Noticed Jessica
  1768 | D:3      | Killed Jessica
  1861 | D:3      | Found a burning altar of Makhleb.
  1869 | D:3      | Became a worshipper of Makhleb the Destroyer
  1869 | D:3      | Reached * piety under Makhleb
  1869 | D:3      | Reached ** piety under Makhleb
  1934 | D:3      | Noticed Natasha
  1947 | D:3      | Killed Natasha
  1947 | D:3      | Reached XP level 5. HP: 35/47 MP: 5/5
  2115 | D:3      | Found a runed translucent gate.
  2115 | D:3      | Found a runed translucent gate.
  2116 | D:3      | Found a runed translucent gate.
  2218 | D:3      | Noticed chimenez's ghost (amateur DsFi)
  2261 | D:3      | Noticed Natasha
  2274 | D:3      | Killed Natasha
  2274 | D:3      | Reached skill level 1 in Invocations
  2294 | D:3      | Noticed Purgy
  2328 | D:3      | Killed Purgy
  2328 | D:3      | Reached skill level 6 in Axes
  2328 | D:3      | Reached XP level 6. HP: 24/53 MP: 5/7
  2728 | D:4      | Noticed Ijyb
  2747 | D:3      | Noticed Natasha
  2757 | D:3      | Killed Natasha
  2790 | D:3      | Killed Ijyb
  2839 | D:4      | Reached skill level 5 in Fighting
  2872 | D:4      | Reached XP level 7. HP: 61/61 MP: 8/8
  2989 | D:4      | Reached skill level 7 in Axes
  3120 | D:4      | Found a staircase to the Ecumenical Temple.
  3259 | D:5      | Entered Level 5 of the Dungeon
  3270 | D:5      | Found a stormy altar of Qazlal.
  3430 | D:5      | Reached XP level 8. HP: 69/70 MP: 10/10
  3444 | D:5      | Reached skill level 8 in Axes
  3695 | D:5      | Found a shattered altar of Ashenzari.
  4044 | D:5      | Noticed Blork the orc
  4052 | D:5      | Killed Blork the orc
  4121 | D:5      | Reached *** piety under Makhleb
  4234 | D:5      | Found an opulent altar of Gozag.
  4235 | D:5      | Found a sparkling altar of Nemelex Xobeh.
  4474 | D:6      | Noticed Grinder
  4485 | D:6      | Paralysed by Grinder for 6 turns
  4489 | D:6      | Killed Grinder
  4489 | D:6      | Reached skill level 9 in Axes
  4489 | D:6      | Reached skill level 5 in Invocations
  4500 | D:6      | Found Hell's Assorted Antiques.
  4515 | D:6      | Bought a scroll of identify for 44 gold pieces
  4755 | D:6      | Noticed Duvessa
  4756 | D:6      | Noticed Dowan
  4770 | D:6      | Killed Duvessa
  4771 | D:6      | Killed Dowan
  4771 | D:6      | Reached XP level 9. HP: 61/78 MP: 12/12
  4963 | D:7      | Found a runed translucent gate.
  4964 | D:7      | Found a runed translucent gate.
  4965 | D:7      | Found a runed translucent gate.
  4965 | D:7      | Noticed BorisKarlOrff's ghost (novice MfMo)
  4965 | D:7      | Noticed a kobold demonologist
  5052 | D:7      | Reached skill level 5 in Armour
  5614 | D:7      | Reached skill level 10 in Axes
  5764 | D:7      | You fall through a shaft for 2 floors!
  5773 | D:9      | Reached skill level 1 in Shields
  5810 | D:9      | Found a burning altar of Makhleb.
  5921 | D:8      | Found a shadowy altar of Dithmenos.
  6015 | D:8      | Noticed Grum
  6053 | D:9      | Reached skill level 5 in Dodging
  6259 | D:8      | Killed Grum
  6707 | D:7      | Reached XP level 10. HP: 80/86 MP: 15/15
  6797 | D:7      | Reached skill level 11 in Axes
  7050 | D:8      | Reached **** piety under Makhleb
  7632 | D:9      | Noticed a two-headed ogre
  7649 | D:9      | Killed a two-headed ogre
  8044 | D:9      | Found a staircase to the Orcish Mines.
  8162 | D:9      | Paralysed by a hornet for 2 turns
  8383 | D:9      | Found Reys's Armour Emporium.
  8389 | D:9      | Bought a +0 scale mail of poison resistance for 128 gold
                  | pieces
  8604 | D:9      | Paralysed by a hornet for 3 turns
  8787 | D:9      | Splashed by an acid dragon's acid

Skill      XL: |  1  2  3  4  5  6  7  8  9 10 |
---------------+-------------------------------+-----
Armour         | 1 2 3 4 5 6 |  6.6
Fighting       | 4 5 6 7 8 |  8.3
Axes           | 5 6 7 9 10 11 | 11.9
Dodging        | 3 4 5 |  5.6
Invocations    | 2 3 5 6 7 |  7.7
Shields        | 2 4 |  4.0
Stealth        | |  1.5

Action                   |  1- 3 |  4- 6 |  7- 9 | 10-12 || total
-------------------------+-------+-------+-------+-------++-------
Melee: Hand axe          |   136 |   206 |   391 |    87 ||   820
       War axe           |       |       |       |    60 ||    60
Throw: Javelin           |     2 |       |       |     2 ||     4
Invok: Minor Destruction |       |     4 |    80 |    38 ||   122
       Lesser Servant of |       |       |    11 |     7 ||    18
       Major Destruction |       |       |       |     1 ||     1
  Use: Scroll            |     4 |     9 |     5 |     3 ||    21
       Potion            |       |       |     4 |     1 ||     5
 Stab: Sleeping          |     1 |       |       |       ||     1
       Distracted        |       |       |     2 |       ||     2
  Eat: Chunk             |     2 |     5 |    13 |     6 ||    26
       Ration            |       |       |     1 |     1 ||     2
Armor: Robe              |    12 |       |       |       ||    12
       Ring mail         |    23 |       |       |       ||    23
       Chain mail        |    20 |   174 |   247 |    38 ||   479
       Scale mail        |       |       |       |    11 ||    11
Dodge: Dodged            |    88 |   108 |   213 |    68 ||   477
